 Dungeon Crawl Stone Soup version 0.22.1-1-ga44c0e56f4 (webtiles) character file.

1351 Ihlosi the Fighter (level 8, -3/93 HPs)
             Began as an Ogre Fighter on Oct 31, 2018.
             Slain by a centaur (8 damage)
             ... on level 5 of the Dungeon.
             The game lasted 00:15:39 (4545 turns).

Ihlosi the Fighter (Ogre Fighter)                   Turns: 4545, Time: 00:15:41

Health: -3/93      AC:  3    Str: 21    XL:     8   Next: 63%
Magic:  10/10      EV:  8    Int:  9    God:
Gold:   112        SH:  8    Dex: 10    Spells: 7/7 levels left

rFire    + . .     SeeInvis .   u - +2 war axe (chop)
rCold    . . .     Gourm    .   c - +0 shield
rNeg     . . .     Faith    .   b - +0 robe
rPois    .         Spirit   .   (helmet restricted)
rElec    .         Reflect  .   (no cloak)
rCorr    .         Harm     .   (gloves unavailable)
MR       .....                  (boots unavailable)
Stlth    +.........             (no amulet)
HPRegen  0.25/turn              h - ring of protection from fire
MPRegen  0.12/turn              (no ring)

@: very slightly contaminated, starving
A: large, unfitting armour, tough skin 1
a: no special abilities


You were on level 5 of the Dungeon.
You were starving.

You visited 1 branch of the dungeon, and saw 6 of its levels.

You collected 216 gold pieces.
You spent 104 gold pieces at shops.

Inventory:

Hand Weapons
 a - a +1 flail of protection
 g - a +0 flail
 l - a +2 short sword of speed
 m - a +0 lajatang
 q - a +0 morningstar
 u - a +2 war axe of chopping (weapon)
Armour
 b - a +0 robe (worn)
 c - a +0 shield (worn)
Jewellery
 h - a ring of protection from fire (left hand)
Wands
 o - a wand of polymorph (11)
Scrolls
 e - a scroll of fog {unknown}
 i - a scroll of magic mapping {unknown}
 j - 3 scrolls of teleportation
 k - 3 scrolls of remove curse
 n - 3 scrolls of amnesia {unknown}
 t - 5 scrolls of identify
Potions
 d - a potion of might
Comestibles
 f - 11 rations


   Skills:
 * Level 9.8 Fighting
 - Level 0.7 Short Blades
 - Level 6.0 Maces & Flails
 - Level 3.0 Dodging
 - Level 3.0 Shields
 * Level 2.7 Evocations


You had 7 spell levels left.
You didn't know any spells.
Your spell library was empty.

Dungeon Overview and Level Annotations

Branches:
Dungeon (6/15)
 Temple: D:4-7

Altars:
Cheibriados
Dithmenos
Kikubaaqudgha

Shops:
D:5 ?

Annotations:
D:3 3 runed doors, matti1234's ghost, weakling OpWr; topfpfpflanze's ghost, weakling DrTm


Innate Abilities, Weirdness & Mutations

You are too large for most types of armour.
You have tough skin. (AC +1)


Message History

Things that are here:
a giant club; an ogre corpse The centaur hits you.
* * * LOW HITPOINT WARNING * * *
You barely miss the centaur. You block the centaur's attack.
The centaur completely misses you.
You hit the centaur.
The centaur is moderately wounded.
You flicker back into view.
The centaur hits you.
* * * LOW HITPOINT WARNING * * *
The centaur hits you.
* * * LOW HITPOINT WARNING * * *
You are starving!
You hit the centaur.
The centaur is heavily wounded.
The centaur hits you.
* * * LOW HITPOINT WARNING * * *
The centaur hits you!
You die...

#.PPPPPPP)PPP......###
#.......#[)..........#
#.......#)#########(..
#<..#...5.# ###.
#...##..>.## #.
#...###...## ##.
...####....# #..
.......#.###############.#
##...##..c@)..).......(....
#......>.#############...#
...?....!...J.............
.>###########.....[.......
##..# #.....≈..∩).... #...#
#...........(.. #<#
#.....%........ #.#
#.............. %.#
#............).


You could see a centaur.

Vanquished Creatures
  Sigmund (D:4)
  A golden eye (D:5)
  Edmund (D:4)
  A phantom (D:5)
  An ogre (D:5)
  Blork the orc (D:4)
  A scorpion (D:5)
  2 crimson imps (D:5)
  A bullfrog skeleton (D:5)
  2 orc priests (D:4)
  A hound (D:4)
  4 orc wizards
  A gnoll shaman (D:4)
  Ijyb (D:2)
  An iguana (D:4)
  A worker ant (D:4)
  A hound skeleton (D:5)
  5 gnolls (D:4)
  6 adders
  A shadow imp (D:5)
  3 oozes
  3 dart slugs
  A worm (D:3)
  4 leopard geckos
  17 orcs
  8 bats
  3 bat zombies (D:3)
  2 giant cockroaches (D:2)
  15 goblins
  5 hobgoblins
  3 jackals (D:3)
  9 kobolds
  2 ball pythons
  5 frilled lizards
  5 rats
  A rat zombie (D:3)
120 creatures vanquished.

Vanquished Creatures (others)
  A plant (D:1)
  2 withered plants (D:3)
3 creatures vanquished.

Grand Total: 123 creatures vanquished

Notes
Turn   | Place    | Note
-------+----------+-------------------------------------------
     0 | D:1      | Ihlosi the Ogre Fighter began the quest for the Orb.
     0 | D:1      | Reached XP level 1. HP: 24/24 MP: 1/1
    66 | D:1      | Reached XP level 2. HP: 33/33 MP: 2/2
   303 | D:1      | Reached XP level 3. HP: 36/40 MP: 3/3
   354 | D:1      | Found a snail-covered altar of Cheibriados.
   948 | D:2      | Noticed Ijyb
   983 | D:2      | Reached skill level 5 in Fighting
  1034 | D:2      | Killed Ijyb
  1034 | D:2      | Reached XP level 4. HP: 24/50 MP: 4/4
  1610 | D:2      | Found a shadowy altar of Dithmenos.
  1643 | D:2      | Reached XP level 5. HP: 52/57 MP: 5/5
  1825 | D:3      | Found a runed gate.
  1825 | D:3      | Found a runed gate.
  1825 | D:3      | Found a runed gate.
  2303 | D:3      | Reached skill level 6 in Fighting
  2490 | D:3      | Found an ancient bone altar of Kikubaaqudgha.
  2570 | D:3      | Noticed topfpfpflanze's ghost (weakling DrTm)
  2570 | D:3      | Noticed matti1234's ghost (weakling OpWr)
  2740 | D:4      | Noticed Sigmund
  2757 | D:5      | Entered Level 5 of the Dungeon
  2783 | D:5      | Reached XP level 6. HP: 36/67 MP: 6/6
  2840 | D:5      | Found Amaori's Magic Scroll Emporium.
  2841 | D:5      | Noticed a phantom
  2862 | D:5      | Killed a phantom
  2872 | D:5      | Bought a scroll of teleportation for 39 gold pieces
  2872 | D:5      | Bought a scroll of identify for 26 gold pieces
  2872 | D:5      | Bought a scroll of remove curse for 39 gold pieces
  2879 | D:5      | Noticed a sky beast
  2884 | D:5      | Noticed a sky beast
  2900 | D:5      | Noticed a sky beast
  2924 | D:5      | Reached skill level 7 in Fighting
  2924 | D:5      | Reached XP level 7. HP: 25/78 MP: 7/7
  3229 | D:4      | Noticed Edmund
  3244 | D:4      | Killed Edmund
  3244 | D:4      | Reached skill level 1 in Evocations
  3245 | D:4      | Reached skill level 5 in Maces & Flails
  3538 | D:4      | Noticed Blork the orc
  3558 | D:4      | Killed Blork the orc
  3709 | D:4      | Reached skill level 8 in Fighting
  3875 | D:4      | Killed Sigmund
  3875 | D:4      | Reached XP level 8. HP: 69/89 MP: 9/9
  4490 | D:5      | Reached skill level 9 in Fighting
  4545 | D:5      | Slain by a centaur

Skill      XL: |  1  2  3  4  5  6  7  8 |
---------------+-------------------------+-----
Maces & Flails | 2 3 4 5 6 |  6.0
Dodging        | 3 |  3.0
Shields        | 3 |  3.0
Fighting       | 5 6 7 8 9 |  9.8
Evocations     | 1 2 |  2.7
Short Blades   | |  0.7

Action                   |  1- 3 |  4- 6 |  7- 9 || total
-------------------------+-------+-------+-------++-------
Melee: Flail             |    95 |   210 |    52 ||   357
       Short sword       |       |       |    10 ||    10
       War axe           |       |       |    68 ||    68
Evoke: Wand              |       |     9 |     6 ||    15
  Use: Potion            |       |     5 |     4 ||     9
       Scroll            |       |     2 |     1 ||     3
  Eat: Chunk             |       |     5 |     2 ||     7
       Ration            |       |     1 |       ||     1
Armor: Robe              |    18 |    76 |    29 ||   123
Dodge: Dodged            |    35 |   102 |    43 ||   180
Block: Shield            |    39 |   123 |    45 ||   207
